 Dungeon Crawl Stone Soup version 0.30-a0-534-gdc55766716 (webtiles) character file.

Game seed: 6863586997771789756

46 Newt the Shooter (level 3, -4/21 HPs)
             Began as a Kobold Hunter on Dec 25, 2022.
             Slain by Sigmund
             ... wielding a +0 vorpal scythe
              (11 damage)
             ... on level 2 of the Dungeon.
             The game lasted 00:01:28 (888 turns).

Newt the Shooter (Kobold Hunter)                     Turns: 888, Time: 00:01:28

Health: -4/21      AC:  3    Str:  8    XL:     3   Next: 92%
Magic:  3/3        EV: 14    Int: 10    God:
Gold:   65         SH:  0    Dex: 20    Spells: 2/2 levels left

rFire   . . .      SeeInvis .    a - +0 shortbow
rCold   . . .      Faith    .    (shield currently unavailable)
rNeg    . . .      Spirit   .    c - +0 leather armour
rPois   .          Reflect  .    (no helmet)
rElec   .          Harm     .    (no cloak)
rCorr   .          Rampage  .    (no gloves)
Will    .....                    (no boots)
Stlth   +++                      (no amulet)
HPRegen 0.23/turn                (no ring)
MPRegen 0.08/turn                (no ring)

@: no status effects
A: small, no large weapons, nightstalker 3
a: no special abilities


You were on level 2 of the Dungeon.
You visited 1 branch of the dungeon, and saw 2 of its levels.

You collected 65 gold pieces.

Inventory:

Hand Weapons
 a - a +0 shortbow (weapon)
Armour
 c - a +0 leather armour (worn)
Jewellery
 j - a ring of resist corrosion
 k - a +4 ring of evasion
Scrolls
 b - a scroll of immolation
 g - 3 scrolls of fear {unknown}
 h - a scroll of magic mapping {unknown}
Potions
 d - a potion of attraction {unknown}
 e - a potion of ambrosia {unknown}
 f - 2 potions of curing {unknown}
 i - a potion of lignification {unknown}


   Skills:
 - Level 2.1 Fighting
 + Level 7.0 Ranged Weapons
 - Level 2.4 Dodging
 - Level 1.3 Stealth


You had 2 spell levels left.
You didn't know any spells.
Your spell library contained the following spells:

 Spells                   Type           Power      Damage    Failure   Level
 Alistair's Intoxication  Tmut/Pois      0%         N/A       100%        5
 Borgnjor's Vile Clutch   Necr/Erth      0%         N/A       100%        5
 Eringya's Noxious Bog    Tmut/Pois      0%         N/A       100%        6


Dungeon Overview and Level Annotations

Branches:
Dungeon (1/15)

Altars:

Annotations:
D:2 Sigmund


Innate Abilities, Weirdness & Mutations

You are small and have problems with some larger weapons.
You are completely attuned to the shadows.


Message History

Sigmund the Dreaded comes into view.
He is wielding a +0 vorpal scythe and wearing a +2 robe of the Archmagi.
Sigmund is nearby!
You shoot an arrow. The arrow hits Sigmund.
Sigmund shouts!
Sigmund is moderately wounded.
Sigmund casts a spell.
Sigmund flickers and vanishes!
Deactivating autopickup; reactivate with Ctrl-A.
Unknown command.
Unknown command.
There is an open door here.
Things that are here:
a jackal corpse; a ball python corpse You shoot an arrow.
The arrow hits Sigmund!
Sigmund is severely wounded.
Sigmund gestures at you while chanting. The magic dart hits you.
You shoot an arrow. The arrow hits Sigmund.
Sigmund is severely wounded.
You shoot an arrow. The arrow barely misses Sigmund.
Sigmund points at you and mumbles some strange words.
You are confused.
You are too confused!
You shoot an arrow. Sigmund casts a spell at you. The magic dart hits you.
You shoot an arrow.
Sigmund hits you from afar with a +0 vorpal scythe.
You shoot an arrow. The arrow hits Sigmund.
Sigmund is almost dead.
Sigmund completely misses you.
You shoot an arrow.
Sigmund hits you from afar with a +0 vorpal scythe.
You shoot an arrow.
Unknown command.
You shoot an arrow.
You feel less confused.
Sigmund hits you from afar with a +0 vorpal scythe!
Ouch! That really hurt!
You die...

######## #....@†#
#.####.# .....## #@#
#.# ....... #.# #.#
.....####### #@# #.#
.....##......# #.# #.#
#..............#.# #.#
#.##...........#.####.#
..#####.###.........#.#
#######.###.........#.#
#####
#....#...........#.#
#....
#.####.##...#.####.#
#....
####.####.######.#
#.#######....


You could see Sigmund.

Vanquished Creatures
  A dart slug (D:1)
  3 ball pythons
  2 bats (D:1)
  3 endoplasms
  A giant cockroach (D:1)
  4 goblins (D:1)
  5 hobgoblins
  11 jackals
  2 frilled lizards (D:1)
  2 kobolds (D:1)
  2 rats (D:1)
36 creatures vanquished.

Notes
Turn   | Place    | Note
-------+----------+-------------------------------------------
     0 | D:1      | Newt the Kobold Hunter began the quest for the Orb.
     0 | D:1      | Reached XP level 1. HP: 12/12 MP: 1/1
    59 | D:1      | Reached XP level 2. HP: 17/17 MP: 2/2
    68 | D:1      | Reached skill level 6 in Ranged Weapons
   150 | D:1      | Reached XP level 3. HP: 5/21 MP: 3/3
   672 | D:1      | You fall into a shaft and drop 1 floor!
   686 | D:2      | Identified the +2 shortbow of Starshine {flame, rElec
                  | rPois}
   838 | D:2      | Reached skill level 7 in Ranged Weapons
   846 | D:2      | Noticed Sigmund
   888 | D:2      | Slain by Sigmund

Illustrated notes

Levels and vault maps discovered:
D:1:      dpeg_arrival_chambers_temple_mockup, layout_basic, eino_curves_03,
          minmay_pentomino_s2
D:2:      layout_basic, uniq_sigmund

Skill      XL: |  1  2  3 |
---------------+----------+-----
Ranged Weapons | 6 7 |  7.0
Fighting       | |  2.1
Dodging        | |  2.4
Stealth        | |  1.3

Action                   || total
-------------------------++-------
 Fire: Shortbow          ||    93
Armor: Leather armour    ||    12
Dodge: Dodged            ||    47

Table legend: (Time is in decaauts)
 A = Elapsed time spent in this place.
 B = Non-inter-level travel time spent in this place.
 C = Inter-level travel time spent in this place.
 D = Time resting spent in this place.
 E = Time spent auto-exploring this place.
 F = Levels seen in this place.
 G = Mean time per level.
                   A        B        C        D        E       F      G
               +--------+--------+--------+--------+--------+-----+--------+
         Total |    910 |    910 |      0 |    164 |    558 |   2 |  455.0 |
       Dungeon |    910 |    910 |      0 |    164 |    558 |   2 |  455.0 |
               +--------+--------+--------+--------+--------+-----+--------+

Top non-repeatable levels by time:
     D:1: 691 daAuts
     D:2: 219 daAuts
